 Dungeon Crawl Stone Soup version 0.30.0-15-g856e2d3f33 (webtiles) character file.

Game seed: 1363041701477204678

49 qw the Chopper (level 3, 0/23 HPs)
             Began as a Gargoyle Fighter on May 21, 2023.
             Slain by a gnoll
             ... wielding a +0 spear
              (3 damage)
             ... on level 2 of the Dungeon.
             The game lasted 00:00:27 (1153 turns).

qw the Chopper (Gargoyle Fighter)                   Turns: 1153, Time: 00:00:28

Health: 0/23       AC: 11    Str: 21    XL:     3   Next: 75%
Magic:  3/3        EV:  9    Int:  8    God:
Gold:   33         SH:  4    Dex:  9    Spells: 2/2 levels left

rFire   . . .        Y - +0 war axe
rCold   . . .        c - +0 buckler
rNeg    + . .        b - +0 scale mail
rPois   inf          (no helmet)
rElec   +            (no cloak)
rCorr   .            (no gloves)
SInv    .            j - +0 pair of boots
Will    .....        (no amulet) Stlth
                     (no ring)
HPRegen 0.23/turn    (no ring)
MPRegen 0.08/turn

%: no passive effects
@: no status effects
A: sickness immunity, AC +3, negative energy resistance 1, electricity
resistance, torment resistance 1, petrification resistance
a: no special abilities


You were on level 2 of the Dungeon.
You visited 1 branch of the dungeon, and saw 2 of its levels.

You collected 33 gold pieces.


Innate Abilities, Weirdness & Mutations

You are immune to sickness and miasma.
Your stone body is resilient. (AC +3)
You are immune to poison.
You resist negative energy. (rN+)
You are resistant to electric shocks. (rElec)
You are resistant to unholy torment.
You are immune to petrification.


   Skills:
 - Level 3.2 Fighting
 + Level 3.6 Axes
 - Level 3.2 Armour
 - Level 3.2 Shields


You had 2 spell levels left.
You didn't know any spells.
Your spell library was empty.

Inventory:

Hand Weapons
 h - a +0 whip
 Y - a +0 war axe (weapon)
Armour
 b - a +0 scale mail (worn)
 c - a +0 buckler (worn)
 e - a +0 chain mail
 j - a +0 pair of boots (worn)
Potions
 a - a potion of curing {unknown}
 d - a potion of might
 f - a potion of haste {unknown}
 i - a potion of attraction {unknown}

Dungeon Overview and Level Annotations

Branches:
Dungeon (2/15)

Altars:


Message History

The gnoll hits you with a +2 flail of protection!
You barely miss the gnoll.
The gnoll is heavily wounded.
A gnoll comes into view. It is wielding a +0 halberd.
The gnoll hits you but does no damage.
You barely miss the gnoll.
The gnoll is heavily wounded.
You closely miss the gnoll. The gnoll hits you with a +0 whip.
The gnoll barely misses you. The gnoll hits you but does no damage.
The gnoll hits you with a +2 flail of protection!
You hit the gnoll.
The gnoll is severely wounded.
You hit the gnoll. The gnoll hits you but does no damage.
A gnoll comes into view. It is wielding a +0 spear.
The gnoll hits you with a +2 flail of protection.
The gnoll shouts!
You hit the gnoll but do no damage.
The gnoll is severely wounded.
You closely miss the gnoll. The gnoll hits you but does no damage.
The gnoll closely misses you.
You slash the gnoll!
You kill the gnoll!
You hit the gnoll. The gnoll barely misses you. You block the gnoll's attack.
The goblin misses you.
You hit the gnoll.
The gnoll is severely wounded.
You closely miss the goblin. You block the gnoll's attack.
The goblin closely misses you. The gnoll closely misses you.
You slash the gnoll!
You kill the gnoll!
You barely miss the goblin. The gnoll hits you but does no damage.
The goblin hits you with a +0 club.
You closely miss the goblin. The goblin hits you but does no damage.
The gnoll hits you from afar with a +0 spear.
You die...

...# ...# .### # .# .#
.####################.#
.'...................>#
.#################..###
.# ###.## .# #@..## ##
#g)..# #...gg...#
.\..\.$\.....\#
..............#
..............#
.\.....7..\..8#
B.............#
...............


You could see 2 gnolls and a goblin.

Vanquished Creatures
  2 gnolls (D:2)
  A worm (D:2)
  A dart slug (D:1)
  3 giant cockroaches
  2 goblins (D:2)
  2 hobgoblins
  A kobold (D:1)
  2 quokkas
  2 ball pythons
  4 bats
  2 frilled lizards (D:2)
  2 rats (D:1)
24 creatures vanquished.

Notes
Turn   | Place    | Note
-------+----------+-------------------------------------------
     0 | D:1      | qw the Gargoyle Fighter began the quest for the Orb.
     0 | D:1      | Reached XP level 1. HP: 14/14 MP: 1/1
     0 | D:1      | 0 ||| qw: Version: 0.2-a-98-g16b38d9
     0 | D:1      | 0 ||| qw: Game counter: 23
     0 | D:1      | 0 ||| qw: Always use a shield: true
     0 | D:1      | 0 ||| qw: God list: Okawaru
     0 | D:1      | 0 ||| qw: Allow faded altars: false
     0 | D:1      | 0 ||| qw: Do Orc after D:15 true
     0 | D:1      | 0 ||| qw: Do second Lair branch before Depths: true
     0 | D:1      | 0 ||| qw: Lair rune preference: random
     0 | D:1      | 0 ||| qw: Plans: Normal, Zot:1-4, God:TSO, Crypt, Tomb,
                  | Pan, Slime:5, Hells, Abyss, Win
     0 | D:1      | 0 ||| PLANNING D:1-11
    75 | D:1      | 75 ||| Stepping ~*~*~tactically~*~*~ (hiding).
   181 | D:1      | Reached XP level 2. HP: 19/19 MP: 2/2
   629 | D:1      | 629 ||| UPGRADING to +0 pair of boots.
   642 | D:1      | 642 ||| DROPPING amulet of faith.
   643 | D:1      | 643 ||| READING scroll labelled WIORCH URIXTECU.
   650 | D:1      | 650 ||| READING scroll labelled WUMILUS VIRAS.
   654 | D:1      | 654 ||| READING scroll labelled YCZAOLA ENERCH.
   781 | D:2      | 781 ||| Stepping ~*~*~tactically~*~*~ (stealth).
   878 | D:2      | Reached skill level 3 in Axes
   885 | D:2      | 885 ||| DROPPING +0 club.
   911 | D:2      | 911 ||| Stepping ~*~*~tactically~*~*~ (stealth).
   958 | D:2      | Reached XP level 3. HP: 13/23 MP: 3/3
  1136 | D:2      | 1136 ||| Stepping ~*~*~tactically~*~*~ (stealth).
  1140 | D:2      | 1140 ||| Stepping ~*~*~tactically~*~*~ (stealth).
  1148 | D:2      | HP: 3/23 [gnoll/+2 flail of protection (3)]
  1153 | D:2      | Slain by a gnoll

Levels and vault maps discovered:
D:1:      dpeg_arrival_brainrot, layout_basic, roderic_lattice_a
D:2:      layout_basic, hellmonk_ecumenical_altar_arch_garden

Skill      XL: |  1  2 |
---------------+-------+-----
Axes           | 2 3 |  3.6
Fighting       | |  3.2
Armour         | |  3.2
Shields        | |  3.2

Action                     || total
---------------------------++-------
  Melee: War axe           ||    70
    Use: Scroll            ||     3
   Stab: Distracted        ||     1
 Armour: Scale mail        ||    41
  Dodge: Dodged            ||    37
  Block: Buckler           ||     9

Table legend:
 A = Non-vault XP
 B = Vault XP
 C = Vault XP percentage of total XP
 D = Non-vault monster count
 E = Vault monster count
 F = Vault count percentage of total count
                 A         B        C        D         E       F
            +---------+---------+-------+---------+---------+-------
      Total |      70 |       0 |   0.0 |      24 |       0 |   0.0
            +---------+---------+-------+---------+---------+-------
        D:1 |      21 |       0 |   0.0 |      12 |       0 |   0.0
        D:2 |      49 |       0 |   0.0 |      12 |       0 |   0.0
            +---------+---------+-------+---------+---------+-------
